 Dungeon Crawl Stone Soup version 0.27-a0-1277-g3808f8b1c9 (webtiles) character file.

Game seed: 14571173823257623385

5 Gargoyl the Skirmisher (level 1, -36/20 (23) HPs)
             Began as a Gnoll Abyssal Knight on June 12, 2021.
             Was a Follower of Lugonu.
             Killed from afar by a Tzitzimitl (56 damage)
             ... with a bolt of negative energy
             ... summoned by a deep elf demonologist
             ... on level 1 of the Abyss.
             The game lasted 00:00:30 (382 turns).

Gargoyl the Skirmisher (Gnoll Abyssal Knight)        Turns: 382, Time: 00:00:31

HP:   -36/20 (23)   AC:  3    Str: 11    XL:     1   Next: 80%
MP:   3/3           EV: 11    Int: 11    God:    Lugonu [*.....]
Gold: 11            SH:  0    Dex: 11    Spells: 0/0 levels left

rFire    . . .     SeeInvis .   a - +1 hand axe
rCold    . . .     Faith    .   (no shield)
rNeg     . . .     Spirit   .   b - +0 leather armour
rPois    .         Reflect  .   (no helmet)
rElec    .         Harm     .   (no cloak)
rCorr    .         Rampage  .   (no gloves)
Will     .....                  (no boots)
Stlth    +.........             (no amulet)
HPRegen  0.06/turn              (no ring)
MPRegen  0.08/turn              (no ring)

@: heavily drained
A: fangs 1, strong nose, distributed training
a: Renounce Religion, Depart the Abyss


You were on level 1 of the Abyss.
You worshipped Lugonu.
Lugonu was aware of your devotion.
You visited 0 branches of the dungeon, and saw 0 of its levels.
You visited the Abyss 1 time.

You collected 11 gold pieces.

Inventory:

Hand Weapons
 a - a +1 hand axe (weapon)
Armour
 b - a +0 leather armour (worn)


   Skills:
 + Level 6.4 Fighting
 + Level 0.1 Short Blades
 + Level 0.1 Long Blades
 + Level 4.4 Axes
 + Level 0.1 Maces & Flails
 + Level 0.1 Polearms
 + Level 0.1 Staves
 + Level 0.1 Slings
 + Level 0.1 Bows
 + Level 0.1 Crossbows
 + Level 0.1 Throwing
 + Level 4.4 Armour
 + Level 2.4 Dodging
 + Level 0.1 Stealth
 + Level 0.1 Shields
 + Level 0.1 Unarmed Combat
 + Level 0.1 Spellcasting
 + Level 0.1 Conjurations
 + Level 0.1 Hexes
 + Level 0.1 Summonings
 + Level 0.1 Necromancy
 + Level 0.1 Translocations
 + Level 0.1 Transmutations
 + Level 0.1 Fire Magic
 + Level 0.1 Ice Magic
 + Level 0.1 Air Magic
 + Level 0.1 Earth Magic
 + Level 0.1 Poison Magic
 + Level 4.4 Invocations
 + Level 0.1 Evocations


You couldn't memorise any spells.
You didn't know any spells.
Your spell library was empty.

Dungeon Overview and Level Annotations

Branches:
Dungeon (0/15)

Altars:


Innate Abilities, Weirdness & Mutations

You have very sharp teeth.
Your uncanny sense of smell can sniff out nearby items.
Your experience applies equally to all skills.


Message History

The ufetubus barely misses you. The ufetubus closely misses you.
The ufetubus barely misses you. The ufetubus hits you.
You miss the ufetubus. Your bite misses the ufetubus.
The ufetubus closely misses you. x2; The ufetubus hits you.
The ufetubus closely misses you.
You hit the ufetubus.
The ufetubus is moderately wounded.
The ufetubus hits you. The ufetubus completely misses you.
You hit the ufetubus.
The ufetubus is almost dead.
The ufetubus hits you. The ufetubus closely misses you.
The ufetubus hits you. x2
* * * LOW HITPOINT WARNING * * *
You miss the ufetubus.
The ufetubus is almost dead.
The ufetubus hits you but does no damage.
The ufetubus barely misses you. The ufetubus misses you. The ufetubus hits you.
* * * LOW HITPOINT WARNING * * *
You hit the ufetubus.
You kill the ufetubus!
HP restored.
A starcursed mass comes into view.
A starcursed mass is nearby!
A starcursed mass splits.
A deep elf demonologist comes into view.
It is wielding a +2 long sword of holy wrath.
A starcursed mass splits.
The deep elf demonologist shouts!
The deep elf demonologist hits you with a +2 long sword of holy wrath!
Found a blue potion.
The deep elf demonologist hits you with a +2 long sword of holy wrath.
You see here a blue potion.
c - a blue potion The deep elf demonologist gestures wildly while chanting.
Okay, then.
It was a potion of heal wounds.
You feel much better.
The deep elf demonologist mumbles some strange words.
The shadow demon misses you. The Tzitzimitl gestures at you.
The bolt of negative energy hits you!!!
You feel drained.
Ouch! That really hurt!
You die...

#. ##.# ## .
#....###.# ...
#..@1##..# #
#..###e2.# .. #.
#..###..# #.
###X##.# ## # .
##.##...# # #.
.#.. #.. ..##..#
. #
....#....##.#..#
.#
#X..#.#.###...#.
# #..X.######
.##..##. #


You could see a Tzitzimitl (summoned), a shadow demon (summoned) and a deep elf
demonologist.

Vanquished Creatures
  An ufetubus (Abyss:1)
1 creature vanquished.

Notes
Turn   | Place    | Note
-------+----------+-------------------------------------------
     0 | Abyss:1  | Gargoyl the Gnoll Abyssal Knight began the quest for the
                  | Orb.
     0 | Abyss:1  | Reached XP level 1. HP: 23/23 MP: 3/3
    58 | Abyss:1  | Found a corrupted altar of Lugonu.
   371 | Abyss:1  | Noticed a starcursed mass
   373 | Abyss:1  | Noticed a deep elf demonologist
   381 | Abyss:1  | Noticed a shadow demon
   382 | Abyss:1  | Noticed a Tzitzimitl
   382 | Abyss:1  | Killed from afar by a Tzitzimitl

Illustrated notes

Levels and vault maps discovered:
Abyss:1:  base: Temple, guppyfry_abyss_exit_imp_island, base: Temple,
          hangedman_abyss_shoalhut

Action                   || total
-------------------------++-------
Melee: Hand axe          ||     5
  Use: Potion            ||     1
Armor: Leather armour    ||     1
Dodge: Dodged            ||    11

Table legend: (Time is in decaauts)
 A = Elapsed time spent in this place.
 B = Non-inter-level travel time spent in this place.
 C = Inter-level travel time spent in this place.
 D = Time resting spent in this place.
 E = Time spent auto-exploring this place.
 F = Levels seen in this place.
 G = Mean time per level.
                   A        B        C        D        E       F      G
               +--------+--------+--------+--------+--------+-----+--------+
         Total |    382 |    382 |      0 |      0 |    361 |   1 |  382.0 |
         Abyss |    382 |    382 |      0 |      0 |    361 |   1 |  382.0 |
               +--------+--------+--------+--------+--------+-----+--------+

Top non-repeatable levels by time:
 Abyss:1: 382 daAuts
